 Dungeon Crawl Stone Soup version 0.31-a0-799-g6bc09d010c (webtiles) character file.

Game seed: 3672204648680986781

2060 tilp the Covert (level 9, -4/69 (71) HPs)
             Began as a Vampire Enchanter on Sept 19, 2023.
             Was a Follower of Wu Jian.
             Killed from afar by Maggie (20 damage)
             ... with a bolt of fire
             ... while paralysed by Maggie
             ... on level 6 of the Dungeon.
             The game lasted 00:10:31 (4675 turns).

tilp the Covert (Vampire Enchanter)                 Turns: 4675, Time: 00:10:32

HP:   -4/69 (71)    AC:  4    Str:  7    XL:     9   Next: 5%
MP:   12/16         EV:  2    Int: 22    God:    Wu Jian [*.....]
Gold: 147           SH:  0    Dex: 14    Spells: 2/18 levels left

rFire   . . .        a - +2 dagger
rCold   . . .        (no shield)
rNeg    . . .        b - +0 robe
rPois   .            k - +1 helmet
rElec   .            (no cloak)
rCorr   .            (no gloves)
SInv    +            (no boots)
Will    .....        t - amulet of reflection
Stlth   ++++         (no ring)
HPRegen 0.51/turn    (no ring)
MPRegen 0.15/turn

%: reflection
@: paralysed, very slightly contaminated, healing quickly, lightly drained
A: alive, fangs 3, see invisible, vampiric 2
a: Exsanguinate, Renounce Religion


You were on level 6 of the Dungeon.
You worshipped Wu Jian.
Wu Jian was aware of your devotion.
You visited 1 branch of the dungeon, and saw 6 of its levels.

You collected 295 gold pieces.
You spent 148 gold pieces at shops.

Inventory:

Hand Weapons
 a - a +2 dagger (weapon)
Missiles
 f - 4 boomerangs
 j - 19 poisoned darts (quivered)
Armour
 b - a +0 robe (worn)
 k - a +1 helmet (worn)
 n - the +0 scale mail of Kistreb {Will+ Dex+2}
   (You found it on level 5 of the Dungeon)

   Dex+2:     It affects your dexterity (+2).
   Will+:     It increases your willpower.
 p - an orb of mayhem
Magical Staves
 e - a staff of conjuration
Jewellery
 t - an amulet of reflection (around neck)
Wands
 l - a wand of mindburst (11)
 q - a wand of paralysis (8)
 v - a wand of polymorph (3)
Scrolls
 c - 3 scrolls of fog
 w - a scroll of teleportation
Potions
 g - a potion of brilliance
 h - a potion of lignification
 i - 4 potions of haste
 m - a potion of cancellation
 o - 2 potions of curing
 r - a potion of mutation {unknown}
 s - a potion of ambrosia {unknown}
 z - a potion of might {unknown}


   Skills:
 - Level 6.6 Fighting
 * Level 8.8 Short Blades
 - Level 6.2 Dodging
 - Level 10.0 Stealth
 - Level 5.0 Spellcasting
 - Level 8.5 Hexes
 + Level 0.3 Transmutations
 + Level 1.5 Evocations


You had 2 spell levels left.
You knew the following spells:

 Your Spells              Type           Power      Damage    Failure   Level
a - Ensorcelled Hibernat  Hex/Ice        48%        N/A       2%          2
b - Confusing Touch       Hex            43%        N/A       1%          3
c - Tukima's Dance        Hex            43%        N/A       1%          3
d - Dazzling Flash        Conj/Hex       48%        N/A       5%          3
e - Yara's Violent Unrav  Hex/Tmut       12%        3d7       41%         5

Your spell library contained the following spells:

 Spells                   Type           Power      Damage    Failure   Level
 Apportation              Tloc           10%        N/A       10%         1
 Kiss of Death            Conj/Necr      20%        2d7       10%         1
 Necrotise                Necr           20%        1d5       10%         1
 Sandblast                Erth           10%        2d5       10%         1
 Summon Small Mammal      Summ           20%        N/A       10%         1
 Passwall                 Tmut/Erth      5%         N/A       14%         2
 Inner Flame              Hex/Fire       24%        N/A       5%          3
 Stone Arrow              Conj/Erth      10%        3d7       30%         3
 Animate Armour           Summ/Erth      10%        N/A       69%         4
 Brom's Barrelling Bould  Conj/Erth      5%         2d3       69%         4
 Dispel Undead            Necr           5%         3d7       69%         4
 Flame Wave               Conj/Fire      5%         2d5       69%         4
 Passage of Golubria      Tloc           5%         N/A       69%         4
 Sticky Flame             Conj/Fire      5%         2d3       69%         4
 Lehudib's Crystal Spear  Conj/Erth      2%         10d2      100%        8


Dungeon Overview and Level Annotations

Branches:
Dungeon (6/15)
 Temple: D:4-7

Altars:
Ashenzari
Dithmenos
Sif Muna
Trog
Vehumet
Wu Jian
Yredelemnul

Shops:
D:1 (*:[=   D:5 *

Annotations:
D:6 Maggie


Innate Abilities, Weirdness & Mutations

Your natural rate of healing is accelerated.
You have razor-sharp teeth.
You have supernaturally acute eyesight. (SInv)
You are afflicted with vampirism and can become a bat while bloodless.


Message History

You hit Maggie.
Maggie is lightly wounded.
You hit Maggie. You bite Maggie.
Maggie is lightly wounded.
Maggie hits you with a +2 war axe of draining!
You feel drained.
Casting: Ensorcelled Hibernation (safe; 2% risk of failure)
Confirm with . or Enter, or press ? or * to list all spells.
Aiming: Tukima's Dance (safe; 1% risk of failure)
Press: ? - help, Shift-Dir - straight line, f - Maggie
Aim: Maggie, wielding a +2 war axe of draining, wearing +0 swamp dragon scales and carrying a wand of paralysis (lightly wounded, chance to affect: 67%)
The +2 war axe of draining dances into the air!
Maggie barely misses you.
Unknown command.
You spin and attack Maggie repeatedly.
You hit Maggie. You bite Maggie.
Maggie is moderately wounded.
You barely miss Maggie. You bite Maggie.
Maggie is moderately wounded.
Maggie casts a spell at you. The bolt of fire hits you!!
* * * LOW HITPOINT WARNING * * *
Maggie zaps a wand.
You easily resist.
Maggie casts a spell.
Maggie attempts to bespell you!
You are mesmerised by Maggie!
Your +2 war axe of draining hits Maggie!
Your +2 war axe of draining drains Maggie.
You break out of your daze!
Casting: Tukima's Dance (safe; 1% risk of failure)
Confirm with . or Enter, or press ? or * to list all spells.
Aiming: Ensorcelled Hibernation (safe; 2% risk of failure)
Press: ? - help, Shift-Dir - straight line, f/p - Maggie
Aim: Maggie, wearing +0 swamp dragon scales and carrying a wand of paralysis (heavily wounded, heavily drained, chance to affect: 62%)
You miscast Ensorcelled Hibernation.
You are very lightly contaminated with residual magic.
Nothing appears to happen.
Maggie zaps a wand.
You suddenly lose the ability to move!
Maggie casts a spell at you. The bolt of fire hits you!!
You die...

#.# #.# #.# #.# # #.# #+#
#.# #.##.####.#######.#
#.# #.....@(.......##.#
#.# ####.##.######.##.##
#.# #.##.######.#..†###
#.# #....@...##..).)..##
#<.
####.###@##.#....#.######
### ####.##..#........
#.##.#...######
#.......## ####.#### #.#
#.# ###


You could see Maggie (very drained).

Vanquished Creatures
  A water moccasin (D:5)
  2 ice beasts (D:5)
  3 ogres
  2 black bears
  2 phantoms
  A scorpion (D:4)
  2 bullfrog zombies (D:5)
  A crimson imp (D:3)
  A hound (D:5)
  2 jellies (D:5)
  5 orc priests
  An iguana (D:5)
  A sleepcap (D:4)
  8 adders
  A white imp (D:5)
  An ufetubus (D:5)
  A worm (D:4)
  2 dart slugs
  14 orcs
  7 bats
  4 endoplasms
  2 giant cockroaches (D:1)
  3 goblins
  5 hobgoblins
  4 jackals (D:1)
  9 kobolds
  A quokka (D:4)
  2 ball pythons
  A frilled lizard (D:3)
  3 goblin zombies (D:3)
  2 kobold skeletons (D:3)
  4 kobold zombies (D:3)
  An orc skeleton (D:3)
  An orc zombie (D:3)
  4 rats
104 creatures vanquished.

Notes
Turn   | Place    | Note
-------+----------+-------------------------------------------
     0 | D:1      | tilp the Vampire Enchanter began the quest for the Orb.
     0 | D:1      | Reached XP level 1. HP: 13/13 MP: 3/3
   161 | D:1      | Reached XP level 2. HP: 20/20 MP: 5/5
   197 | D:1      | Learned a level 2 spell: Ensorcelled Hibernation
   208 | D:1      | Found Ysoghesa's Armour Boutique.
   303 | D:1      | Found Zecej's Assorted Antiques.
   402 | D:1      | Found Ruoseir's Weapon Shop.
   403 | D:1      | Found Zehink's Book Shop.
   417 | D:1      | Reached skill level 1 in Fighting
   566 | D:1      | Found Eddeik's Jewellery Emporium.
   720 | D:2      | Gained mutation: You are afflicted with vampirism and can
                  | become a bat while bloodless. [Vampire growth]
   720 | D:2      | Reached XP level 3. HP: 26/26 MP: 6/6
   730 | D:2      | Learned a level 3 spell: Confusing Touch
   782 | D:2      | Found a faded altar of an unknown god.
   927 | D:2      | Found a broken altar of Ashenzari.
  1274 | D:1      | Bought a viscous amethyst potion for 20 gold pieces
  1274 | D:1      | Bought a scroll labelled JUCHAG KUPU for 23 gold pieces
  1274 | D:1      | Bought a murky emerald potion for 20 gold pieces
  1274 | D:1      | Bought a scroll labelled JUCHAG KUPU for 23 gold pieces
  1274 | D:1      | Bought a scroll labelled GITOERPH EL ORR for 23 gold pieces
  1465 | D:3      | Reached XP level 4. HP: 32/32 MP: 2/7
  1572 | D:3      | Reached skill level 5 in Stealth
  1735 | D:3      | Reached skill level 5 in Hexes
  1815 | D:3      | Reached XP level 5. HP: 34/38 MP: 5/8
  1932 | D:3      | Found an ornate altar of the Wu Jian Council.
  1954 | D:3      | HP: 1/38 [orc/+0 hand axe (5)]
  2234 | D:3      | Became a worshipper of the Wu Jian Council
  2452 | D:3      | Learned a level 3 spell: Tukima's Dance
  2509 | D:4      | Noticed a black bear
  2558 | D:4      | Found a shadowy altar of Dithmenos.
  2857 | D:4      | Reached XP level 6. HP: 29/46 MP: 1/9
  3078 | D:4      | Found a radiant altar of Vehumet.
  3203 | D:4      | Found a bloodstained altar of Trog.
  3344 | D:4      | Reached skill level 6 in Stealth
  3344 | D:4      | Reached XP level 7. HP: 52/52 MP: 8/11
  3520 | D:4      | Reached skill level 9 in Stealth
  3520 | D:4      | Reached XP level 8. HP: 65/65 MP: 10/15
  3559 | D:4      | Found a shimmering blue altar of Sif Muna.
  3887 | D:5      | Entered Level 5 of the Dungeon
  3894 | D:5      | Reached * piety under Wu Jian
  3965 | D:5      | Identified the +0 scale mail of Kistreb {Will+ Dex+2}
  4060 | D:5      | Reached skill level 5 in Spellcasting
  4218 | D:5      | Reached skill level 1 in Evocations
  4392 | D:5      | Found Voppyire's Assorted Antiques.
  4399 | D:5      | Bought a scroll labelled SOMYTEL RAEN for 21 gold pieces
  4399 | D:5      | Bought a sapphire potion for 18 gold pieces
  4513 | D:5      | Found a basalt altar of Yredelemnul.
  4515 | D:5      | Reached skill level 10 in Stealth
  4515 | D:5      | Reached XP level 9. HP: 71/71 MP: 16/16
  4525 | D:5      | Learned a level 3 spell: Dazzling Flash
  4531 | D:5      | Learned a level 5 spell: Yara's Violent Unravelling
  4660 | D:6      | Noticed Maggie
  4674 | D:6      | Paralysed by Maggie for 4 turns
  4675 | D:6      | Killed from afar by Maggie

Illustrated notes

Levels and vault maps discovered:
D:1:      dpeg_arrival_snail, layout_basic, serial_shops,
          nicolae_shop_gibbet_a_chance, nicolae_lakefront_shop,
          nicolae_shop_trees, nicolae_shop_statue_plus, shop
D:2:      layout_basic, shapermc_ecumenical_altar_venn, basic_altar
D:3:      layout_loops_ring, mainiacjoe_overflow_cross_hatched,
          nicolae_tso_besieged_by_evil
D:4:      layout_rooms, mainiacjoe_overflow_catwalk,
          mainiacjoe_overflow_alcove_2, mainiacjoe_overflow_boulevard,
          mainiacjoe_overflow_24_doors
D:5:      layout_basic, kennysheep_mini, lemuel_zombie_altar_yredelemnul,
          serial_shops, shop, hangedman_decor_growths
D:6:      layout_loops_corners, serial_shops, nicolae_shop_tiny_real_fake_doors,
          minmay_three_doors, uniq_grinder, uniq_maggie, uniq_prince_ribbit1

Skill      XL: |  1  2  3  4  5  6  7  8 |
---------------+-------------------------+-----
Fighting       | 1 2 3 6 |  6.6
Short Blades   | 2 3 4 8 |  8.8
Stealth        | 5 6 9 10 | 10.0
Hexes          | 5 8 |  8.5
Dodging        | 3 6 |  6.2
Spellcasting   | 4 5 |  5.0
Evocations     | 1 |  1.5
Transmutations | |  0.3

Action                     |  1- 3 |  4- 6 |  7- 9 || total
---------------------------+-------+-------+-------++-------
  Melee: Dagger            |   111 |   169 |    76 ||   356
         Bite              |     6 |    17 |     9 ||    32
         Punch             |       |     2 |     2 ||     4
   Cast: Ensorcelled Hiber |     7 |    30 |    19 ||    56
         Confusing Touch   |       |     3 |     4 ||     7
         Tukima's Dance    |       |       |     1 ||     1
Ability: Lunge             |       |     4 |     6 ||    10
         Whirlwind         |       |       |     2 ||     2
    Use: Scroll            |     9 |     4 |     5 ||    18
         Potion            |     1 |     1 |     1 ||     3
   Stab: Sleeping          |    13 |    13 |    20 ||    46
         Confused          |       |     3 |     4 ||     7
         Distracted        |       |     1 |       ||     1
         Invisible         |       |     1 |       ||     1
 Armour: Robe              |    68 |   101 |    27 ||   196
  Dodge: Dodged            |    93 |    81 |    25 ||   199
  Block: Other             |       |       |     1 ||     1

Table legend: (Time is in decaauts)
 A = Elapsed time spent in this place.
 B = Non-inter-level travel time spent in this place.
 C = Inter-level travel time spent in this place.
 D = Time resting spent in this place.
 E = Time spent auto-exploring this place.
 F = Levels seen in this place.
 G = Mean time per level.
                   A        B        C        D        E       F      G
               +--------+--------+--------+--------+--------+-----+--------+
         Total |   4620 |   4360 |    260 |    362 |   2925 |   6 |  770.0 |
       Dungeon |   4620 |   4360 |    260 |    362 |   2925 |   6 |  770.0 |
               +--------+--------+--------+--------+--------+-----+--------+

Top non-repeatable levels by time:
     D:4: 1312 daAuts
     D:3: 1197 daAuts
     D:1: 775 daAuts
     D:5: 667 daAuts
     D:2: 562 daAuts
     D:6: 105 daAuts
